 Dungeon Crawl Stone Soup version 0.31.0-11-ge490571c62 (webtiles) character file.

Game seed: 3771428787782979806

13602 Ashen the Covert (level 12, -6/91 HPs)
             Began as a Gnoll Alchemist on Jan 26, 2024.
             Was an Elder of Vehumet.
             Killed from afar by an ice statue (13 damage)
             ... with a freezing blast
             ... in an ice cave.
             The game lasted 00:39:13 (12052 turns).

Ashen the Covert (Gnoll Alchemist)                 Turns: 12052, Time: 00:39:14

Health: -6/91      AC: 10    Str: 10    XL:     12   Next: 7%
Magic:  24/24      EV: 15    Int: 30    God:    Vehumet [****..]
Gold:   632        SH:  5    Dex: 14    Spells: 2/28 levels left

rFire   . . .        d - +0 lajatang (flame)
rCold   . . .        (shield currently unavailable)
rNeg    . . .        C - +3 leather armour
rPois   .            (no helmet)
rElec   .            v - scarf {shadows}
rCorr   .            B - +1 pair of gloves
SInv    .            x - +0 pair of boots
Will    .....        t - amulet of reflection
Stlth   ++++         n - +6 ring of intelligence
HPRegen 0.35/turn    Y - ring of Biugouc {Str+2 Int+6}
MPRegen 0.19/turn

%: reflection
@: studying Stealth
A: fangs 1, strong nose, distributed training
a: Renounce Religion


You were in an ice cave.
You worshipped Vehumet.
Vehumet was greatly pleased with you.
You visited 3 branches of the dungeon, and saw 12 of its levels.
You also visited: Ice Cave and Volcano.

You collected 756 gold pieces.
You spent 124 gold pieces at shops.

Inventory:

Hand Weapons
 d - a +0 lajatang of flaming (weapon)
 p - the +3 spear of Mepsenti {speed, rElec rC+ rN+}
   (You found it on level 9 of the Dungeon)

   rC+:       It protects you from cold.
   rElec:     It insulates you from electricity.
   rN+:       It protects you from negative energy.
 D - the +7 rapier of the Moon {spect, Will+ rCorr Str+3 Dex-5}
   (You found it on level 5 of the Dungeon)

   Str+3:     It affects your strength (+3).
   Dex-5:     It affects your dexterity (-5).
   Will+:     It increases your willpower.
   rCorr:     It protects you from acid and corrosion.
 M - the +8 spear "Vorhyel" {venom, Dex+3}
   (You found it on level 6 of the Dungeon)

   Dex+3:     It affects your dexterity (+3).
Missiles
 Z - 2 throwing nets
Armour
 v - a scarf of shadows (worn)
 x - a +0 pair of boots (worn)
 B - a +1 pair of gloves (worn)
 C - a +3 leather armour (worn)
 V - an orb of energy
Magical Staves
 y - a staff of air
 P - a staff of death
Jewellery
 c - a ring of resist corrosion
 n - a +6 ring of intelligence (left hand)
 t - an amulet of reflection (around neck)
 w - a ring of see invisible
 L - a ring of positive energy
 N - a ring of flight
 W - a +6 ring of intelligence
 Y - the ring of Biugouc (right hand) {Str+2 Int+6}
   (You found it on level 9 of the Dungeon)

   [ring of intelligence]

   Str+2:     It affects your strength (+2).
   Int+6:     It affects your intelligence (+6).
Wands
 a - a wand of light (13)
 O - a wand of digging (5)
 R - a wand of mindburst (13)
 S - a wand of roots (15)
 U - a wand of charming (14)
Scrolls
 f - 2 scrolls of fog
 g - a scroll of fear {unknown}
 h - 4 scrolls of enchant weapon {unknown}
 l - 2 scrolls of blinking {unknown}
 m - 4 scrolls of teleportation
 o - a scroll of noise {unknown}
 s - 2 scrolls of amnesia
 z - 2 scrolls of poison {unknown}
 F - 2 scrolls of revelation
 G - 2 scrolls of brand weapon {unknown}
 H - a scroll of immolation {unknown}
 K - a scroll of enchant armour {unknown}
 T - a scroll of acquirement {unknown}
 X - a scroll of butterflies {unknown}
Potions
 b - 3 potions of magic
 e - a potion of mutation {unknown}
 j - 4 potions of attraction
 r - 2 potions of invisibility {unknown}
 u - 2 potions of ambrosia
 A - 2 potions of cancellation
 E - a potion of brilliance
 I - 5 potions of curing
 J - a potion of resistance {unknown}


   Skills:
 + Level 7.2 Fighting
 + Level 7.2 Short Blades
 + Level 7.2 Long Blades
 + Level 7.2 Axes
 + Level 7.2 Maces & Flails
 + Level 7.2 Polearms
 + Level 7.2 Staves
 + Level 7.2 Ranged Weapons
 + Level 7.2 Throwing
 + Level 7.2 Armour
 + Level 8.6 Dodging
 + Level 11.0 Stealth
 + Level 7.2 Shields
 + Level 7.2 Unarmed Combat
 + Level 8.8 Spellcasting
 + Level 6.4 Conjurations
 + Level 5.9 Hexes
 + Level 5.9 Summonings
 + Level 5.9 Necromancy
 + Level 5.9 Translocations
 + Level 5.9 Fire Magic
 + Level 5.9 Ice Magic
 + Level 5.9 Air Magic
 + Level 5.9 Earth Magic
 + Level 8.2 Alchemy
 + Level 7.9 Invocations
 + Level 7.2 Evocations
 + Level 6.5 Shapeshifting


You had 2 spell levels left.
You knew the following spells:

 Your Spells              Type           Power      Damage    Failure   Level
a - Airstrike             Air            24%        2d(4-20)  1%          4
b - Mercury Vapours       Alch/Air       100%       N/A       1%          2
c - Mephitic Cloud        Conj/Alch/Air  53%        N/A       1%          3
d - Blink                 Tloc           98%        N/A       1%          2
e - Olgreb's Toxic Radia  Alch           58%        N/A       1%          4
f - Hailstorm             Conj/Ice       50%        3d10      1%          3
g - Sticky Flame          Fire/Alch      54%        2d10      1%          4
h - Dispel Undead         Necr           49%        3d18      4%          4

Your spell library contained the following spells:

 Spells                   Type           Power      Damage    Failure   Level
 Kiss of Death            Conj/Necr      100%       2d13      1%          1
 Magic Dart               Conj           100%       1d8       1%          1
 Sting                    Conj/Alch      100%       1d9       1%          1
 Call Imp                 Summ           98%        N/A       1%          2
 Sublimation of Blood     Necr           49%        N/A       1%          2
 Confusing Touch          Hex            49%        N/A       1%          3
 Sculpt Simulacrum        Ice/Alch       27%        N/A       38%         6
 Ozocubu's Refrigeration  Ice            24%        4d12      63%         7
 Summon Hydra             Summ           24%        N/A       98%         7
 Polar Vortex             Ice            24%        12d3*     100%        9


Dungeon Overview and Level Annotations

Branches:
Dungeon (10/15)            Temple (1/1) D:5            Lair (1/5) D:9
  IceCv (1/1)             Volcano (visited)
    Orc: D:9-12

Altars:
Ashenzari
Cheibriados
Dithmenos
Elyvilon
Fedhas
Gozag
Hepliaklqana
Kikubaaqudgha
Makhleb
Nemelex Xobeh
Okawaru
Qazlal
Ru
Sif Muna
Trog
Uskayaw
Vehumet
Wu Jian
Xom
Yredelemnul
Zin
The Shining One

Shops:
D:4 **

Annotations:
IceCv exclusion: ice statue


Innate Abilities, Weirdness & Mutations

You have very sharp teeth.
Your uncanny sense of smell can sniff out nearby items.
Your experience applies equally to all skills.


Message History

The polar bear claws you. The polar bear bites you!!
* * * LOW HITPOINT WARNING * * *
You block the polar bear's attack.
The polar bear claws you but does no damage.
The polar bear closely misses you. The polar bear misses you. x2
You feel much better.
The polar bear looks as sick as possible!
You kill the polar bear!
Vehumet accepts your kill.
You feel your power returning. The polar bear bites you!
The polar bear claws you but does no damage.
You block the polar bear's attack.
Your Stealth skill increases to level 11!
You slice the polar bear!! You burn the polar bear.
You kill the polar bear!
Vehumet accepts your kill.
You feel your power returning.
Your toxic aura wanes.
b - 3 potions of magic (gained 1)
An ice statue comes into view.
Marking area around an ice statue as unsafe for travelling.
No reachable target in view!
No reachable target in view!
You slash the ice statue!
You melt the ice statue.
The ice statue is lightly damaged.
The ice statue gestures at you. The bolt of cold hits you!!
The ice statue gestures at you. The freezing blast engulfs you!!
You hit the ice statue but do no damage.
You bite the ice statue, but do no damage.
The ice statue is lightly damaged.
You are engulfed in freezing vapours.
* * * LOW HITPOINT WARNING * * *
Unknown command.
You are engulfed in freezing vapours.
* * * LOW HITPOINT WARNING * * *
The ice statue gestures at you. The freezing blast engulfs you!
You die...

#..##
#.#.###...#
##.#
##.#####..##
#.
#...###..##
##......##
#..#....#
#.####.##
#..#####
#..##○##
##.☼@○☼# ∆
##○☼☼8..#
####.○#..#
#.# .# ##


You could see an ice statue.

Vanquished Creatures
  Erica (D:8)
  3 two-headed ogres
  A hell knight (Volcano)
  An orc sorcerer (Volcano)
  An ugly thing (Volcano)
  A komodo dragon (Lair:1)
  Jeremiah (D:8)
  2 ice devils (Lair:1)
  A red devil (Volcano)
  Psyche (D:8)
  3 trolls
  3 polar bears (IceCv)
  A merfolk (D:9)
  A shadow (D:10)
  A wyvern (D:8)
  13 yaks
  4 steam dragons
  An acid dragon (D:9)
  3 hell hounds (Volcano)
  A water moccasin (D:7)
  2 orc warriors (D:10)
  2 ice beasts
  2 sky beasts (D:7)
  3 centaurs
  An ogre (D:7)
  7 wolves
  A kobold brigand (D:6)
  2 gnoll sergeants
  4 bullfrogs
  A scorpion (D:5)
  4 wights (D:7)
  5 howler monkeys
  6 crimson imps (D:8)
  3 hounds
  A bombardier beetle (D:7)
  A jelly (D:6)
  Crazy Yiuf (D:7)
  3 gnoll boudas
  8 orc priests
  3 sleepcaps
  5 iguanas
  6 orc wizards
  23 gnolls
  8 adders
  2 shadow imps
  6 white imps
  2 ufetubi (D:7)
  2 ribbon worms (D:3)
  2 dart slugs (D:1)
  35 orcs
  7 ball pythons
  6 bats
  4 endoplasms
  A giant cockroach (D:1)
  10 goblins
  9 hobgoblins
  4 jackals (D:1)
  A quokka (D:3)
  A frilled lizard (D:2)
  9 kobolds
  11 rats
258 creatures vanquished.

Notes
Turn   | Place    | Note
-------+----------+-------------------------------------------
     0 | D:1      | Ashen the Gnoll Alchemist began the quest for the Orb.
     0 | D:1      | Reached XP level 1. HP: 13/13 MP: 6/6
   209 | D:1      | Reached XP level 2. HP: 19/19 MP: 4/7
   588 | D:1      | Reached skill level 5 in Spellcasting
   588 | D:1      | Reached XP level 3. HP: 24/25 MP: 2/9
  1251 | D:2      | Reached skill level 1 in Invocations
  1530 | D:2      | Reached skill level 1 in Fighting
  1530 | D:2      | Reached skill level 1 in Short Blades
  1530 | D:2      | Reached skill level 1 in Long Blades
  1530 | D:2      | Reached skill level 1 in Axes
  1530 | D:2      | Reached skill level 1 in Maces & Flails
  1530 | D:2      | Reached skill level 1 in Polearms
  1530 | D:2      | Reached skill level 1 in Staves
  1530 | D:2      | Reached skill level 1 in Ranged Weapons
  1530 | D:2      | Reached skill level 1 in Throwing
  1530 | D:2      | Reached skill level 1 in Armour
  1530 | D:2      | Reached skill level 1 in Shields
  1530 | D:2      | Reached skill level 1 in Unarmed Combat
  1530 | D:2      | Reached skill level 1 in Evocations
  1645 | D:2      | Reached skill level 1 in Shapeshifting
  1645 | D:2      | Reached XP level 4. HP: 32/32 MP: 9/11
  1661 | D:2      | Found a stormy altar of Qazlal.
  1748 | D:2      | Found a faded altar of an unknown god.
  2119 | D:3      | Learned a level 2 spell: Mercury Vapours
  2123 | D:3      | Learned a level 3 spell: Mephitic Cloud
  2126 | D:3      | Learned a level 2 spell: Blink
  2131 | D:3      | Learned a level 4 spell: Olgreb's Toxic Radiance
  2361 | D:3      | Reached skill level 1 in Hexes
  2361 | D:3      | Reached skill level 1 in Summonings
  2361 | D:3      | Reached skill level 1 in Necromancy
  2361 | D:3      | Reached skill level 1 in Translocations
  2361 | D:3      | Reached skill level 1 in Fire Magic
  2361 | D:3      | Reached skill level 1 in Ice Magic
  2361 | D:3      | Reached skill level 1 in Air Magic
  2361 | D:3      | Reached skill level 1 in Earth Magic
  2627 | D:3      | Found a sparkling altar of Nemelex Xobeh.
  2881 | D:3      | Found a shimmering altar of Xom.
  2882 | D:3      | Found a hazy altar of Hepliaklqana.
  2882 | D:3      | Found a glowing golden altar of the Shining One.
  2882 | D:3      | Found an ancient bone altar of Kikubaaqudgha.
  2895 | D:3      | Found a snail-covered altar of Cheibriados.
  2902 | D:3      | Found a burning altar of Makhleb.
  3182 | D:4      | Reached XP level 5. HP: 29/37 MP: 9/12
  3539 | D:4      | Found Kairoes's Assorted Antiques.
  3542 | D:4      | Bought a scroll labelled TAIFUFRU VOHAPS for 21 gold pieces
  3542 | D:4      | Bought a scroll labelled SAEM LATIOPOPSYE for 21 gold
                  | pieces
  3542 | D:4      | Bought a scroll labelled YSEPHU VUMOL for 21 gold pieces
  3542 | D:4      | Bought a scroll labelled SAEM LATIOPOPSYE for 21 gold
                  | pieces
  3557 | D:4      | Found Uloockak's CLEARANCE SALE!.
  3559 | D:4      | Bought a potion of cancellation for 40 gold pieces
  3947 | D:5      | Entered Level 5 of the Dungeon
  3994 | D:5      | Reached XP level 6. HP: 22/44 MP: 10/13
  4112 | D:5      | Reached skill level 5 in Dodging
  4242 | D:5      | Reached skill level 5 in Stealth
  4245 | D:5      | Identified the +7 rapier of the Moon {spect, Will+ rCorr
                  | Str+3 Dex-5}
  4461 | D:5      | Found a staircase to the Ecumenical Temple.
  4469 | Temple   | Entered the Ecumenical Temple
  4479 | Temple   | Became a worshipper of Vehumet
  4764 | D:6      | Reached XP level 7. HP: 50/50 MP: 12/15
  5216 | D:6      | Identified the +8 spear "Vorhyel" {venom, Dex+3}
  5464 | D:7      | Reached XP level 8. HP: 58/58 MP: 16/16
  5470 | D:7      | Reached skill level 6 in Stealth
  5763 | D:7      | Found a runed translucent door.
  5764 | D:7      | Noticed Crazy Yiuf
  5938 | D:7      | Reached * piety under Vehumet
  5938 | D:7      | Offered knowledge of Sandblast by Vehumet.
  6394 | D:7      | Reached skill level 7 in Stealth
  6394 | D:7      | Reached XP level 9. HP: 34/65 MP: 13/18
  6993 | D:7      | Identified the +3 quarterstaff "Ciwan" {holy, rC- rN+ Str+2
                  | Stlth+}
  7072 | D:7      | Killed Crazy Yiuf
  7137 | D:8      | Noticed Psyche
  7535 | D:8      | Killed Psyche
  7536 | D:8      | Reached skill level 5 in Invocations
  7891 | D:8      | Reached skill level 8 in Stealth
  8021 | D:8      | Noticed Jeremiah
  8128 | D:8      | Reached ** piety under Vehumet
  8134 | D:8      | Offered knowledge of Searing Ray by Vehumet.
  8192 | D:8      | Found a sacrificial altar of Ru.
  8250 | D:8      | Reached skill level 5 in Fighting
  8250 | D:8      | Reached skill level 5 in Short Blades
  8250 | D:8      | Reached skill level 5 in Long Blades
  8250 | D:8      | Reached skill level 5 in Axes
  8250 | D:8      | Reached skill level 5 in Maces & Flails
  8250 | D:8      | Reached skill level 5 in Polearms
  8250 | D:8      | Reached skill level 5 in Staves
  8250 | D:8      | Reached skill level 5 in Ranged Weapons
  8250 | D:8      | Reached skill level 5 in Throwing
  8250 | D:8      | Reached skill level 5 in Armour
  8250 | D:8      | Reached skill level 5 in Shields
  8250 | D:8      | Reached skill level 5 in Unarmed Combat
  8250 | D:8      | Reached skill level 5 in Evocations
  8284 | D:8      | Killed Jeremiah
  8285 | D:8      | Reached XP level 10. HP: 74/74 MP: 14/20
  8417 | D:8      | Noticed Erica
  8437 | D:8      | Killed Erica
  8470 | D:8      | Noticed a two-headed ogre
  8681 | D:8      | Killed a two-headed ogre
  8682 | D:8      | Reached skill level 9 in Stealth
  8682 | D:8      | Reached skill level 5 in Conjurations
  8682 | D:8      | Reached skill level 5 in Shapeshifting
  8990 | D:9      | Identified the ring of Biugouc {Str+2 Int+6}
  9081 | D:9      | Found a staircase to the Lair.
  9161 | D:9      | Noticed an orange demon
  9193 | D:9      | Offered knowledge of Hailstorm by Vehumet.
  9199 | D:9      | Learned a level 3 spell: Hailstorm
  9286 | D:9      | Identified the +3 spear of Mepsenti {speed, rElec rC+ rN+}
  9630 | D:9      | Identified the +1 ring mail of the Bagpipe {Fly Str+4
                  | Stlth+}
  9697 | D:9      | Noticed a two-headed ogre
  9707 | D:9      | Killed a two-headed ogre
  9708 | D:9      | Reached skill level 5 in Hexes
  9708 | D:9      | Reached skill level 5 in Summonings
  9708 | D:9      | Reached skill level 5 in Necromancy
  9708 | D:9      | Reached skill level 5 in Translocations
  9708 | D:9      | Reached skill level 5 in Fire Magic
  9708 | D:9      | Reached skill level 5 in Ice Magic
  9708 | D:9      | Reached skill level 5 in Air Magic
  9708 | D:9      | Reached skill level 5 in Earth Magic
  9708 | D:9      | Reached XP level 11. HP: 54/81 MP: 14/23
  9873 | D:9      | Noticed a two-headed ogre
  9882 | D:9      | Killed a two-headed ogre
  9883 | D:9      | Reached *** piety under Vehumet
 10144 | D:9      | Learned a level 4 spell: Sticky Flame
 10149 | D:9      | Learned a level 4 spell: Dispel Undead
 10179 | D:10     | Entered Level 10 of the Dungeon
 10184 | D:10     | Reached skill level 10 in Stealth
 10554 | D:10     | Offered knowledge of Ignite Poison by Vehumet.
 11058 | Lair:1   | Entered Level 1 of the Lair of Beasts
 11120 | Lair:1   | Noticed a death yak
 11138 | Lair:1   | Found a dark tunnel.
 11143 | Lair:1   | Reached **** piety under Vehumet
 11158 | Volcano  | Entered a volcano
 11164 | Volcano  | Noticed a red ugly thing
 11179 | Volcano  | Killed a red ugly thing
 11180 | Volcano  | Found a large runed translucent door.
 11180 | Volcano  | Found a large runed translucent door.
 11182 | Volcano  | Noticed an orc sorcerer
 11361 | Volcano  | Noticed a hell knight
 11386 | Volcano  | Killed an orc sorcerer
 11401 | Volcano  | Killed a hell knight
 11456 | Volcano  | Found a large runed translucent door.
 11456 | Volcano  | Found a large runed translucent door.
 11456 | Volcano  | Noticed a red ugly thing
 11568 | Volcano  | Found a large runed translucent door.
 11568 | Volcano  | Found a large runed translucent door.
 11589 | Volcano  | Found a large runed translucent door.
 11589 | Volcano  | Found a large runed translucent door.
 11611 | Volcano  | Found a large runed translucent door.
 11611 | Volcano  | Found a large runed translucent door.
 11611 | Volcano  | Noticed a sun demon
 11646 | Lair:1   | Found a frozen archway.
 11661 | Lair:1   | Offered knowledge of Airstrike by Vehumet.
 11668 | IceCv    | Entered an ice cave
 11693 | IceCv    | Learned a level 4 spell: Airstrike
 11842 | IceCv    | Reached XP level 12. HP: 54/91 MP: 13/24
 11848 | IceCv    | Reached skill level 11 in Stealth
 12052 | IceCv    | Killed from afar by an ice statue

Illustrated notes

Levels and vault maps discovered:
D:1:      sevenhm_arrival_forest_fort_small_4, layout_basic,
          kennysheep_flooded_box
D:2:      wander_river, layout_basic, shapermc_ecumenical_altar_notcrosses,
          basic_altar
D:3:      layout_basic, minmay_overflow_temple_hex, nemelex_dance_club_becter,
          minmay_fractal_squares_diagonal_5
D:4:      layout_loops_ring, serial_shops, nicolae_shop_real_fake_doors,
          minivault_27, nicolae_shop_clearance
D:5:      layout_cave_pools, minmay_temple_entry_antechambers
D:6:      layout_rooms
D:7:      layout_rooms, nicolae_eternal_life, minmay_increasing_density,
          uniq_crazy_yiuf_cottage
D:8:      layout_loops_corners, nicolae_ru_path_of_blood, minmay_nine_imps,
          uniq_psyche, uniq_jeremiah, uniq_erica
D:9:      layout_irregular_city, lair_entry_dummy, hangedman_fish_farm,
          uniq_amaemon
D:10:     layout_small_grid
Temple:   nicolae_temple_two_arcs
Lair:1:   layout_cave_shapes, enter_volcano_2, portal_ice_cave_demonic_guard,
          grunt_megastairs_3
IceCv:    ice_cave_caverns_02

Skill      XL: |  1  2  3  4  5  6  7  8  9 10 11 12 |
---------------+-------------------------------------+-----
Conjurations   | 2 3 4 5 6 |  6.4
Spellcasting   | 5 6 7 8 |  8.8
Invocations    | 1 2 3 4 5 6 7 |  7.9
Fighting       | 1 2 3 4 5 6 7 |  7.2
Short Blades   | 1 2 3 4 5 6 7 |  7.2
Long Blades    | 1 2 3 4 5 6 7 |  7.2
Axes           | 1 2 3 4 5 6 7 |  7.2
Maces & Flails | 1 2 3 4 5 6 7 |  7.2
Polearms       | 1 2 3 4 5 6 7 |  7.2
Staves         | 1 2 3 4 5 6 7 |  7.2
Ranged Weapons | 1 2 3 4 5 6 7 |  7.2
Throwing       | 1 2 3 4 5 6 7 |  7.2
Armour         | 1 2 3 4 5 6 7 |  7.2
Shields        | 1 2 3 4 5 6 7 |  7.2
Unarmed Combat | 1 2 3 4 5 6 7 |  7.2
Evocations     | 1 2 3 4 5 6 7 |  7.2
Shapeshifting  | 1 2 3 4 5 6 |  6.5
Hexes          | 1 2 3 4 5 |  5.9
Summonings     | 1 2 3 4 5 |  5.9
Necromancy     | 1 2 3 4 5 |  5.9
Translocations | 1 2 3 4 5 |  5.9
Fire Magic     | 1 2 3 4 5 |  5.9
Ice Magic      | 1 2 3 4 5 |  5.9
Air Magic      | 1 2 3 4 5 |  5.9
Earth Magic    | 1 2 3 4 5 |  5.9
Dodging        | 5 6 7 8 |  8.6
Stealth        | 5 7 8 9 10 11 | 11.0
Alchemy        | 6 7 8 |  8.2

Action                     |  1- 3 |  4- 6 |  7- 9 | 10-12 || total
---------------------------+-------+-------+-------+-------++-------
  Melee: Unarmed           |     5 |       |       |       ||     5
         Whip              |     3 |       |       |       ||     3
         War axe           |       |    85 |       |       ||    85
         Mace              |       |    11 |       |       ||    11
         Bite              |       |    11 |    23 |    16 ||    50
         Punch             |       |     1 |     5 |     8 ||    14
         Rapier            |       |     9 |   167 |   116 ||   292
         Spear             |       |       |    84 |       ||    84
         Lajatang          |       |       |       |    24 ||    24
   Cast: Sting             |    54 |    26 |       |       ||    80
         Mephitic Cloud    |       |    10 |    11 |    11 ||    32
         Mercury Vapours   |       |     2 |     8 |     2 ||    12
         Blink             |       |     1 |     1 |       ||     2
         Olgreb's Toxic Ra |       |       |    17 |    39 ||    56
         Sticky Flame      |       |       |       |     6 ||     6
         Hailstorm         |       |       |       |     1 ||     1
  Evoke: Wand              |       |       |     1 |       ||     1
    Use: Scroll            |       |       |       |    12 ||    12
         Potion            |       |       |       |     8 ||     8
   Stab: Sleeping          |     1 |     9 |     1 |     7 ||    18
         Confused          |       |     1 |     5 |     7 ||    13
         Distracted        |       |       |     1 |       ||     1
 Armour: Robe              |    11 |    35 |       |       ||    46
         Leather armour    |       |    17 |   131 |   111 ||   259
         Skin              |       |       |       |     8 ||     8
  Dodge: Dodged            |    16 |    65 |   124 |    98 ||   303
  Block: Other             |       |       |    28 |    32 ||    60
         Reflection        |       |       |     1 |     1 ||     2
